 Dungeon Crawl Stone Soup version 0.13-a0-3076-g221303f (webtiles) character file.

276 Malachi the Ruinous (level 4, -3/30 HPs)
             Began as a Demonspawn Conjurer on Sept 17, 2013.
             Was an Initiate of Vehumet.
             Slain by an orc priest
             ... wielding a -1,+1 orcish whip
              (4 damage)
             ... on Level 4 of the Dungeon.
             The game lasted 00:06:06 (3934 turns).

Malachi the Ruinous (Demonspawn Conjurer)           Turns: 3934, Time: 00:06:06

HP  -3/30        AC  3     Str  8      XL: 4   Next: 72%
MP   6/8         EV 13     Int 17      God: Vehumet [......]
Gold 158         SH  0     Dex 14      Spells:  1 memorised,  6 levels left

Res.Fire  : x . .   See Invis. : .   k - +1 orc trident
Res.Cold  : + . .   Warding    : .   a - +0 robe
Life Prot.: . . .   Conserve   : .   (no shield)
Res.Poison: .       Res.Corr.  : .   (no helmet)
Res.Elec. : .       Clarity    : .   (no cloak)
Sust.Abil.: . .     Spirit.Shd : .   n - +0 pair of gloves
Res.Mut.  : .       Stasis     : .   (no boots)
Res.Rott. : .       Flight     : .   (no amulet)
Saprovore : . . .                    (no ring)
                                     q - ring of ice

@: slightly resistant to hostile enchantments, fairly stealthy
A: talons 1
a: Renounce Religion


You were on level 4 of the Dungeon.
You worshipped Vehumet.
Vehumet was pleased with you.
You were not hungry.

You visited 1 branch of the dungeon, and saw 4 of its levels.

You collected 138 gold pieces.

Inventory:

Hand weapons
 k - a +1,+1 orcish trident (weapon)
 x - a -1,+0 spear (quivered)
Missiles
 j - 5 poisoned needles
Armour
 a - a +0 robe (worn)
 n - a +0 pair of gloves (worn)
Comestibles
 b - a bread ration
 i - a pear
 l - 3 meat rations
 r - a chunk of jackal flesh
Scrolls
 e - a scroll of noise
 g - a scroll of curse weapon {unknown}
 h - a scroll of remove curse
 m - a scroll of blinking {unknown}
 o - 2 scrolls of enchant weapon I {unknown}
 p - 2 scrolls of fear {unknown}
 t - a scroll of amnesia {unknown}
 u - a scroll of identify {unknown}
 w - a scroll of recharging {unknown}
Jewellery
 q - a ring of ice (left hand)
Potions
 d - 2 potions of degeneration {unknown}
 f - a potion of resistance {unknown}
 s - a potion of curing
Books
 c - a book of Conjurations

   Spells                             Type                      Level
   *Magic Dart                        Conjuration                  1
   Searing Ray                        Conjuration                  2
   Dazzling Spray                     Conjuration/Hexes            3
   Iskenderun's Mystic Blast          Conjuration                  4
   Iskenderun's Battlesphere          Conjuration/Charms           4
   Fulminant Prism                    Conjuration/Hexes            5


   Skills:
 + Level 0.2 Fighting
 + Level 0.1 Polearms
 + Level 2.9 Dodging
 + Level 2.0 Stealth
 + Level 2.2 Spellcasting
 + Level 4.8 Conjurations


You had 6 spell levels left.
You knew the following spells:

 Your Spells              Type           Power        Failure   Level  Hunger
a - Magic Dart            Conj           ###.         2%          1    #......


Dungeon Overview and Level Annotations

Branches:
Dungeon (4/27)
 Temple: D:4-7

Altars:
Vehumet
Xom


Innate Abilities, Weirdness & Mutations

You have sharp toenails.


Message History

You barely miss the orc priest.
The orc priest is severely wounded.
The orc priest hits you with an orcish whip.
You hit the orc priest but do no damage.
Your kick misses the orc priest.
The orc priest is severely wounded.
The orc priest calls down the wrath of Beogh upon you.
Something smites you!
* * * LOW HITPOINT WARNING * * *
You are too injured to fight recklessly!
You are too injured to fight recklessly!
Casting: Magic Dart
Confirm with . or Enter, or press ? or * to list all spells.
Aiming: Magic Dart
Press: ? - help, Shift-Dir - straight line, f/p - orc priest
Aim: an orc priest, wielding an orcish whip and wearing an orcish scale mail (severely wounded)
The magic dart hits the orc priest.
The orc priest is severely wounded.
The orc priest hits you with an orcish whip.
You die...

#########..
#.@oo......
#)#######..
#<# #.# #.#
#.# #.# #.#
#.#


You could see an orc priest and an orc.

Vanquished Creatures
  6 adders
  6 orcs
  10 bats
  2 giant cockroaches (D:3)
  6 goblins
  8 hobgoblins
  4 jackals (D:3)
  A quokka (D:3)
  A ball python (D:3)
  2 giant geckos
  3 giant newts (D:1)
  5 kobolds
  A quokka zombie (D:3)
  8 rats
63 creatures vanquished.

Notes
Turn   | Place    | Note
--------------------------------------------------------------
     0 | D:1      | Malachi, the Demonspawn Conjurer, began the quest for the Orb.
     0 | D:1      | Reached XP level 1. HP: 13/13 MP: 3/3
   897 | D:1      | Gained mutation: You have sharp toenails. [demonic ancestry]
   897 | D:1      | Reached XP level 2. HP: 7/19 MP: 0/4
  1698 | D:2      | Reached XP level 3. HP: 17/24 MP: 0/6
  2405 | D:2      | Reached XP level 4. HP: 25/30 MP: 7/7
  2654 | D:3      | Found a shimmering altar of Xom.
  2664 | D:3      | Found a radiant altar of Vehumet.
  2745 | D:3      | Became a worshipper of Vehumet
  3933 | D:4      | HP: 1/30 [orc priest/divine providence (12)]
  3934 | D:4      | Slain by an orc priest

Action                   |  1- 3 |  4- 6 || total
-------------------------+-------+-------++-------
Melee: Unarmed           |    17 |       ||    17
       Spear             |    26 |     1 ||    27
       Trident           |       |    98 ||    98
 Cast: Magic Dart        |    64 |     2 ||    66
  Use: Potion            |     3 |     1 ||     4
       Scroll            |     3 |       ||     3
 Stab: Sleeping          |     1 |       ||     1
       Distracted        |       |     1 ||     1
